 Dungeon Crawl Stone Soup version 0.29-a0-838-g385bb11a5b (webtiles) character file.

Game seed: 9884738176510705772

1802 gruber the Destroyer (level 9, 0/45 HPs)
             Began as a Tengu Conjurer on July 13, 2022.
             Killed from afar by a steam dragon (14 damage)
             ... with a ball of steam
             ... on level 8 of the Dungeon.
             The game lasted 00:09:25 (7496 turns).

gruber the Destroyer (Tengu Conjurer)               Turns: 7496, Time: 00:09:26

Health: 0/45       AC:  2    Str:  7    XL:     9   Next: 9%
Magic:  3/15       EV: 16    Int: 22    God:
Gold:   373        SH:  5    Dex: 14    Spells: 9/15 levels left

rFire   . . .      SeeInvis .   p - +3 dagger (elec)
rCold   . . .      Faith    .   (no shield)
rNeg    . . .      Spirit   .   a - +0 robe
rPois   .          Reflect  +   (helmet restricted)
rElec   .          Harm     .   (no cloak)
rCorr   .          Rampage  .   (no gloves)
Will    .....                   (boots unavailable)
Stlth   ++........              l - amulet "Zimec" {Reflect SH+5 Stlth+}
HPRegen 0.15/turn               (no ring)
MPRegen 0.14/turn               (no ring)

@: silenced, flying quickly and evasively, quick
A: beak, talons 3, nimble flight
a: no special abilities


You were on level 8 of the Dungeon.
You visited 1 branch of the dungeon, and saw 8 of its levels.
You also visited: Sewer.

You collected 373 gold pieces.

Inventory:

Hand Weapons
 k - a +1 rapier of speed
 p - a +3 dagger of electrocution (weapon)
Missiles
 n - a throwing net
Armour
 a - a +0 robe (worn)
Jewellery
 l - the amulet "Zimec" (around neck) {Reflect SH+5 Stlth+}
   (You found it on level 3 of the Dungeon)

   [amulet of reflection]

   It reflects blocked missile attacks.
   SH:        It affects your SH (+5).
   Stlth:     It makes you more stealthy.
 y - a ring of see invisible
Wands
 g - a wand of mindburst (7)
 q - a wand of iceblast (7)
 w - a wand of flame (16)
 B - a wand of paralysis (3)
Scrolls
 c - a scroll of blinking
 e - a scroll of vulnerability {unknown}
 h - 3 scrolls of noise
 i - 4 scrolls of identify
 r - a scroll of silence
 s - a scroll of poison {unknown}
 C - a scroll of fear {unknown}
 D - a scroll of teleportation {unknown}
Potions
 b - 4 potions of magic
 d - 5 potions of brilliance {unknown}
 f - a potion of resistance {unknown}
 j - a potion of heal wounds {unknown}
 m - a potion of degeneration {unknown}
 o - 3 potions of lignification {unknown}
 t - 2 potions of cancellation {unknown}
 u - a potion of might {unknown}
 v - 2 potions of invisibility {unknown}
 x - 4 potions of haste {unknown}
 z - a potion of curing {unknown}
 A - a potion of mutation {unknown}


   Skills:
 - Level 2.3 Short Blades
 - Level 4.1 Dodging
 - Level 2.0 Stealth
 * Level 3.8 Spellcasting
 - Level 12.4 Conjurations
 - Level 6.2 Air Magic


You had 9 spell levels left.
You knew the following spells:

 Your Spells              Type           Power      Damage    Failure   Level
a - Magic Dart            Conj           100%       1d8       1%          1
b - Searing Ray           Conj           100%       2d8       1%          2
c - Mephitic Cloud        Conj/Pois/Air  31%        N/A       2%          3

Your spell library contained the following spells:

 Spells                   Type           Power      Damage    Failure   Level
 Dazzling Flash           Conj/Hex       62%        N/A       2%          3
 Fulminant Prism          Conj/Hex       15%        3d11      9%          4
 Iskenderun's Mystic Bla  Conj/Tloc      31%        2d8       9%          4
 Blink                    Tloc           8%         N/A       17%         2
 Call Imp                 Summ           4%         N/A       17%         2
 Manifold Assault         Tloc           4%         N/A       97%         5
 Storm Form               Tmut/Air       8%         N/A       100%        7


Dungeon Overview and Level Annotations

Branches:
Dungeon (9/15)              Sewer (visited)
 Temple: D:4-7         Lair: D:8-11         Orc: D:9-12

Altars:
Elyvilon
Nemelex Xobeh
Uskayaw

Shops:
D:1 [:[[(

Annotations:
D:5 2 transporters, StoneSoupSpirits's ghost, amateur DsCK


Innate Abilities, Weirdness & Mutations

You have a beak for a mouth.
You have claws for feet.
Your magical nature lets you fly swiftly and evasively.


Message History

The kobold brigand barely misses you.
Things that are here:
a +0 falchion; an orc corpse
Okay, then.
Unknown command.
Aiming: Mindburst
Press: ? - help, Shift-Dir - straight line, f - kobold brigand
Aim: a kobold brigand, wielding a +0 club and quivering poisoned darts (silenced, chance to affect: 64%)
The kobold brigand struggles to resist.
The kobold brigand barely misses you.
Unknown command.
Aiming: Mindburst
Press: ? - help, Shift-Dir - straight line, f/p - kobold brigand
Aim: a kobold brigand, wielding a +0 club and quivering poisoned darts (silenced, chance to affect: 64%)
The kobold brigand's mind is blasted!
You block the kobold brigand's attack. The kobold completely misses you.
Unknown command.
Unknown command.
Aiming: Mindburst
Press: ? - help, Shift-Dir - straight line, f/p - kobold brigand
Aim: a kobold brigand, wielding a +0 club and quivering poisoned darts (silenced, heavily wounded, chance to affect: 64%)
The kobold brigand struggles to resist.
The kobold brigand hits you with a +0 club!
The kobold closely misses you.
Unknown command.
Aiming: Mindburst
Press: ? - help, Shift-Dir - straight line, f/p - kobold brigand
Aim: a kobold brigand, wielding a +0 club and quivering poisoned darts (silenced, heavily wounded, chance to affect: 64%)
The kobold brigand's mind is blasted!!
You blow up the kobold brigand!
The kobold closely misses you.
Unknown command.
Aiming: Throw Flame
Press: ? - help, Shift-Dir - straight line, f - kobold
Aim: a kobold, wielding a +0 dagger (silenced, 60% to hit)
The puff of flame hits the kobold.
You kill the kobold!
The kobold closely misses you. The steam dragon breathes steam at you.
The ball of steam hits you!
You die...

######.#.
#YD..Y...
#ยง# #
#@####.#.#.#
#K##........
#......K....
#......#.###
######.# #
.# ##


You could see a steam dragon (unsilenced, catching breath), a sky beast and a
kobold.

Vanquished Creatures
  Sigmund (D:5)
  A water moccasin (D:5)
  3 ice beasts
  A black bear (D:6)
  A centaur (D:5)
  A kobold brigand (D:8)
  2 necrophages (D:5)
  2 scorpions (D:4)
  A howler monkey (D:5)
  2 hounds
  2 jellies (Sewer)
  4 orc priests
  Jessica (D:3)
  Ijyb (D:3)
  2 iguanas
  4 orc wizards
  5 gnolls
  9 adders
  2 river rats
  6 worms
  A dart slug (D:2)
  15 orcs
  5 ball pythons
  2 bats (D:1)
  11 endoplasms
  4 giant cockroaches
  4 hobgoblins
  8 jackals
  10 kobolds
  4 quokkas
  9 frilled lizards
  4 goblins
  12 rats
140 creatures vanquished.

Vanquished Creatures (others)
  3 plants (D:1)
3 creatures vanquished.

Grand Total: 143 creatures vanquished

Notes
Turn   | Place    | Note
-------+----------+-------------------------------------------
     0 | D:1      | gruber the Tengu Conjurer began the quest for the Orb.
     0 | D:1      | Reached XP level 1. HP: 10/10 MP: 4/4
    42 | D:1      | Found Annidafi's Book Emporium.
   118 | D:1      | Found Wudas's Antique Armour Shoppe.
   146 | D:1      | Reached XP level 2. HP: 15/15 MP: 0/6
   262 | D:1      | Reached skill level 6 in Conjurations
   309 | D:1      | Found Fimeurr's Antique Armour Shop.
   539 | D:1      | Found Kidghasigu's Weapon Shop.
   639 | D:1      | Found a faded altar of an unknown god.
   733 | D:1      | Found Nebe's Antique Armour Boutique.
  1102 | D:2      | Reached XP level 3. HP: 19/19 MP: 2/7
  1571 | D:2      | Reached XP level 4. HP: 24/24 MP: 5/8
  1577 | D:2      | Reached skill level 7 in Conjurations
  2026 | D:3      | Noticed Ijyb
  2036 | D:2      | Learned a level 2 spell: Searing Ray
  2358 | D:3      | HP: 1/24 [disintegration (4)]
  2652 | D:3      | Killed Ijyb
  3099 | D:3      | Identified the amulet "Zimec" {Reflect SH+5 Stlth+}
  3263 | D:3      | Identified the +11 dagger "Pusche" {freeze, rF+}
  3319 | D:3      | Gained mutation: Your magical nature lets you fly swiftly
                  | and evasively. [Tengu growth]
  3319 | D:3      | Reached XP level 5. HP: 28/28 MP: 6/10
  3475 | D:3      | Noticed Jessica
  3479 | D:3      | Killed Jessica
  3742 | D:4      | Reached skill level 8 in Conjurations
  3865 | D:4      | Reached skill level 1 in Short Blades
  4067 | D:4      | Found a white marble altar of Elyvilon.
  4094 | D:4      | Found a glowing drain.
  4117 | D:4      | Reached XP level 6. HP: 23/32 MP: 3/11
  4119 | Sewer    | Entered a sewer
  4709 | Sewer    | Found a viscous altar of Jiyva.
  5368 | D:5      | Entered Level 5 of the Dungeon
  5372 | D:5      | Noticed Sigmund
  5389 | D:5      | Reached XP level 7. HP: 36/36 MP: 3/12
  5566 | D:5      | Killed Sigmund
  5567 | D:5      | Reached skill level 9 in Conjurations
  5640 | D:5      | Reached skill level 10 in Conjurations
  5995 | D:5      | Reached XP level 8. HP: 32/41 MP: 5/13
  6159 | D:5      | Reached skill level 11 in Conjurations
  6198 | D:5      | Found a sparkling altar of Nemelex Xobeh.
  6582 | D:5      | Reached skill level 12 in Conjurations
  6654 | D:5      | Found a hide-covered altar of Uskayaw.
  6842 | D:5      | Learned a level 3 spell: Mephitic Cloud
  6876 | D:5      | Found a transporter.
  7012 | D:5      | Found a transporter.
  7013 | D:5      | Noticed StoneSoupSpirits's ghost (amateur DsCK)
  7029 | D:5      | Identified the +10 giant spiked club of Embarrassment
                  | {spect, Stlth+}
  7310 | D:6      | Reached skill level 5 in Air Magic
  7315 | D:6      | Reached XP level 9. HP: 34/45 MP: 1/14
  7415 | D:6      | You are sucked into a shaft and drop 3 floors!
  7496 | D:8      | Killed from afar by a steam dragon

Illustrated notes

Levels and vault maps discovered:
D:1:      reono_arrival_forest_river, layout_loops_ring, serial_shops,
          nicolae_shop_hallway_plus, nicolae_square_shop, nicolae_shop_trees,
          shop, shop_coins, shapermc_ecumenical_altar_venn, serial_bayou_pond_c,
          minmay_split_cup_large
D:2:      layout_basic, hex_tiny, feat_on_display
D:3:      layout_rooms, serial_aquarium, aquarium_bridge_straight
          [aquarium_subvault_bridge, aquarium_subvault_wall,
          aquarium_subvault_bridge, aquarium_subvault_window],
          aquarium_bridge_island_small [aquarium_subvault_small_water,
          aquarium_subvault_bridge, aquarium_subvault_balcony,
          aquarium_subvault_wall, aquarium_subvault_bridge], aquarium_window_2,
          aquarium_window_1, aquarium_window_fake, aquarium_window_1,
          aquarium_view_2c, aquarium_balcony_3a, uniq_ijyb, uniq_jessica
D:4:      kennysheep_spiral_hall, layout_loops_cross, elyvilon_altar_3,
          cheibrodos_sewer_entry_sluice
D:5:      layout_cave_pools, nicolae_overflow_hidden_temple,
          mainiacjoe_overflow_24_doors, gammafunk_ghost_smash,
          kennysheep_generic_room_2, uniq_sigmund
D:6:      layout_gridville, kennysheep_okawaru_gauntlet,
          minmay_temple_entry_junction_2, kennysheep_generic_room_7
D:8:      minmay_bubble_buster, layout_basic, kennysheep_little_box,
          chequers_serial_rivers_micro_a, kennysheep_decorative_pillar,
          uniq_amaemon
D:9:      layout_big_octagon, dreamdust_princess_corridor

Skill      XL: |  1  2  3  4  5  6  7  8 |
---------------+-------------------------+-----
Conjurations   | 6 7 8 10 12 | 12.4
Spellcasting   | 3 |  3.8
Short Blades   | 1 2 |  2.3
Dodging        | 4 |  4.1
Air Magic      | 6 |  6.2
Stealth        | |  2.0

Action                   |  1- 3 |  4- 6 |  7- 9 || total
-------------------------+-------+-------+-------++-------
Melee: Unarmed           |     6 |       |       ||     6
       Kick              |     4 |     4 |     3 ||    11
       Peck              |     1 |     2 |     1 ||     4
       Long sword        |     4 |       |       ||     4
       Dagger            |       |     7 |    15 ||    22
 Cast: Magic Dart        |    57 |   143 |    37 ||   237
       Searing Ray       |       |     8 |    31 ||    39
Evoke: Wand              |       |       |     5 ||     5
  Use: Scroll            |       |       |     3 ||     3
Armor: Robe              |       |     3 |     5 ||     8
Dodge: Dodged            |    12 |    14 |    54 ||    80
Block: Other             |       |     1 |    18 ||    19

Table legend: (Time is in decaauts)
 A = Elapsed time spent in this place.
 B = Non-inter-level travel time spent in this place.
 C = Inter-level travel time spent in this place.
 D = Time resting spent in this place.
 E = Time spent auto-exploring this place.
 F = Levels seen in this place.
 G = Mean time per level.
                   A        B        C        D        E       F      G
               +--------+--------+--------+--------+--------+-----+--------+
         Total |   7344 |   7152 |    192 |    765 |   5587 |   9 |  816.0 |
       Dungeon |   6636 |   6444 |    192 |    765 |   4979 |   8 |  829.5 |
         Sewer |    707 |    707 |      0 |      0 |    608 |   1 |  707.0 |
               +--------+--------+--------+--------+--------+-----+--------+

Top non-repeatable levels by time:
     D:2: 1574 daAuts
     D:4: 1522 daAuts
     D:5: 1180 daAuts
     D:1: 1110 daAuts
     D:3: 998 daAuts
   Sewer: 707 daAuts
     D:6: 174 daAuts
     D:9: 59 daAuts
     D:8: 15 daAuts
